 Dungeon Crawl Stone Soup version 0.27.1-35-g4d5d836560 (webtiles) character file.

Game seed: 12682657281926408213

1067 cbfl8 the Sneak (level 8, -2/70 HPs)
             Began as a Minotaur Delver on Mar 19, 2022.
             Slain by a vampire (8 damage)
             ... on level 6 of the Dungeon.
             The game lasted 00:11:22 (6465 turns).

cbfl8 the Sneak (Minotaur Delver)                   Turns: 6465, Time: 00:11:23

Health: -2/70      AC: 11    Str: 18    XL:     8   Next: 7%
Magic:  7/7        EV: 11    Int:  7    God:
Gold:   168        SH:  0    Dex: 13    Spells: 7/7 levels left

rFire    . . .     SeeInvis .   e - +0 great mace
rCold    . . .     Faith    +   (shield currently unavailable)
rNeg     . . .     Spirit   .   q - +2 scale mail {Will+}
rPois    .         Reflect  .   (helmet restricted)
rElec    .         Harm     .   (no cloak)
rCorr    .         Rampage  .   m - +0 pair of gloves
Will     +....                  f - +0 pair of boots
Stlth    ++........             w - amulet of faith
HPRegen  0.21/turn              (no ring)
MPRegen  0.10/turn              (no ring)

@: no status effects
A: horns 2, retaliatory headbutt
a: no special abilities


You were on level 6 of the Dungeon.
You visited 2 branches of the dungeon, and saw 7 of its levels.

You collected 168 gold pieces.

Inventory:

Hand Weapons
 a - a +0 hand axe
 e - a +0 great mace (weapon)
Armour
 b - a +0 leather armour
 f - a +0 pair of boots (worn)
 h - a +0 scale mail
 m - a +0 pair of gloves (worn)
 q - a +2 scale mail of willpower (worn)
Jewellery
 w - an amulet of faith (around neck)
Wands
 g - a wand of digging (3)
 j - a wand of paralysis (8)
 s - a wand of iceblast (7)
Scrolls
 c - 3 scrolls of fog
 d - a scroll of magic mapping
 k - a scroll of amnesia {unknown}
 l - 5 scrolls of enchant weapon {unknown}
 n - a scroll of fear
 p - 2 scrolls of vulnerability {unknown}
 r - 5 scrolls of identify {unknown}
 t - a scroll of summoning {unknown}
 x - a scroll of teleportation {unknown}
 y - a scroll of noise {unknown}
 z - a scroll of blinking {unknown}
 A - a scroll of enchant armour {unknown}
Potions
 o - a potion of lignification {unknown}
 u - 5 potions of haste
 v - a potion of cancellation


   Skills:
 + Level 5.7 Fighting
 + Level 3.3(5.0) Axes
 + Level 5.7(6.2) Maces & Flails
 + Level 5.1 Armour
 + Level 3.3 Dodging
 + Level 5.8 Stealth


You had 7 spell levels left.
You didn't know any spells.
Your spell library was empty.

Dungeon Overview and Level Annotations

Branches:
Dungeon (6/15)             Temple (1/1) D:5

Altars:
Cheibriados
Gozag
Hepliaklqana
Makhleb
Nemelex Xobeh
Okawaru
Qazlal
Ru
Sif Muna
Trog
Vehumet
Wu Jian
Xom
Zin


Innate Abilities, Weirdness & Mutations

You have a pair of horns on your head.
You reflexively headbutt those who attack you in melee.


Message History

Deactivating autopickup; reactivate with Ctrl-A.
Something hits you but does no damage. Something bites you but does no damage.
There is a sparkling altar of Nemelex Xobeh here.
Something hits you! Something bites you.
Something draws strength from your injuries!
You hear some strange, mumbled words.
Something tries to affect you, but you resist.
There is a sparkling altar of Nemelex Xobeh here.
You hit something. You headbutt something!
Something hits you but does no damage. Something bites you!
Something draws strength from your injuries!
Something draws life force from you!
It was a potion of curing.
You feel better. Something hits you. Something bites you.
Something draws strength from your injuries!
You hit something. You headbutt something.
Something hits you but does no damage. Something bites you but does no damage.
You closely miss something.
You hear some strange, mumbled words.
Something tries to affect you, but you resist.
Something hits you!
* * * LOW HITPOINT WARNING * * *
Something bites you.
* * * LOW HITPOINT WARNING * * *
Something draws strength from your injuries!
You closely miss something. Something hits you but does no damage.
Something bites you but does no damage.
You bludgeon something!! Something draws life force from you!
* * * LOW HITPOINT WARNING * * *
Unknown command.
Press < or > to pray at altars.
You feel better. Something hits you.
* * * LOW HITPOINT WARNING * * *
Something bites you!
* * * LOW HITPOINT WARNING * * *
Something draws strength from your injuries!
You can't see any enemies this would affect, really read the scroll of fear?
Okay, then.
It was a potion of cancellation.
You feel magically purged. Something hits you!
You die...

######.######
########..(...# ..
............####### .
...........).#...## #.
###.####..###......# .
##.....##..# #.......
#.#.......#..# #.......
###.#.......#.## #.......
#.......@{....#####.(V...
......#.......#...........#
###.. #.......#.####.......
#. ##.....##.## #.......
#...####.####..# #.......
..............###.......
..........###...........
...........###.)........
...........# #..........


There were no monsters in sight!

Vanquished Creatures
  Edmund (D:6)
  An ogre (D:5)
  2 necrophages (D:5)
  A phantom (D:6)
  A scorpion (D:5)
  A centaur zombie (D:5)
  A hound (D:4)
  A jelly (D:4)
  An orc priest (D:6)
  A gnoll shaman (D:5)
  An iguana (D:5)
  Jessica (D:2)
  Ijyb (D:3)
  4 orc wizards
  A hound zombie (D:5)
  A hound skeleton (D:4)
  5 adders (D:4)
  8 gnolls
  A howler monkey skeleton (D:6)
  An adder skeleton (D:4)
  A worm (D:2)
  15 orcs
  3 ball pythons
  9 endoplasms
  3 giant cockroaches
  5 goblins
  2 hobgoblins
  3 jackals (D:1)
  3 quokkas
  5 bats
  A frilled lizard (D:1)
  3 kobolds
  6 rats
94 creatures vanquished.

Notes
Turn   | Place    | Note
-------+----------+-------------------------------------------
     0 | D:5      | cbfl8 the Minotaur Delver began the quest for the Orb.
     0 | D:5      | Reached XP level 1. HP: 19/19 MP: 0/0
    91 | D:5      | Found a staircase to the Ecumenical Temple.
   107 | D:5      | Reached XP level 2. HP: 20/27 MP: 1/1
   107 | D:5      | Reached XP level 3. HP: 25/33 MP: 2/2
   183 | D:5      | Noticed a necrophage
   202 | D:5      | Killed a necrophage
   203 | D:5      | Reached skill level 5 in Stealth
   203 | D:5      | Reached XP level 4. HP: 36/40 MP: 3/3
   227 | Temple   | Entered the Ecumenical Temple
   639 | D:5      | Found a glowing silver altar of Zin.
   665 | D:5      | Reached XP level 5. HP: 9/47 MP: 4/4
  1061 | D:4      | Reached skill level 1 in Armour
  1924 | D:4      | Reached skill level 1 in Maces & Flails
  1932 | D:4      | Reached XP level 6. HP: 27/53 MP: 5/5
  2466 | D:3      | Noticed Ijyb
  2473 | D:3      | Killed Ijyb
  2597 | D:3      | Reached skill level 5 in Fighting
  2890 | D:2      | Noticed Jessica
  2896 | D:2      | Killed Jessica
  5168 | D:5      | Reached XP level 7. HP: 18/56 MP: 6/6
  6139 | D:6      | Found a sparkling altar of Nemelex Xobeh.
  6281 | D:6      | Reached skill level 5 in Maces & Flails
  6332 | D:6      | Noticed Edmund
  6341 | D:6      | Killed Edmund
  6342 | D:6      | Reached skill level 5 in Armour
  6342 | D:6      | Reached XP level 8. HP: 34/70 MP: 7/7
  6465 | D:6      | Slain by a vampire

Illustrated notes

Levels and vault maps discovered:
D:1:      amcnicky_arrival_abandoned_market, layout_basic
D:2:      layout_basic, uniq_jessica
D:3:      layout_basic, uniq_ijyb
D:4:      layout_loops_ring, grunt_ministairs_13,
          hangedman_abyss_or_decor_jellyfish_corner
D:5:      layout_gridville, kennysheep_little_box, minmay_temple_entry_tees
D:6:      layout_rooms, old_standard_altar, uniq_edmund
Temple:   minmay_temple_forest_path

Skill      XL: |  1  2  3  4  5  6  7 |
---------------+----------------------+-----
Fighting       | 4 5 |  5.7
Stealth        | 5 |  5.8
Axes           | 3 |  3.3
Armour         | 1 3 5 |  5.1
Maces & Flails | 1 3 5 |  5.7
Dodging        | 3 |  3.3

Action                   |  1- 3 |  4- 6 |  7- 9 || total
-------------------------+-------+-------+-------++-------
Melee: Hand axe          |    17 |    25 |       ||    42
       Headbutt          |     4 |    35 |     8 ||    47
       Great mace        |       |   176 |    50 ||   226
  Use: Scroll            |     1 |     1 |       ||     2
       Potion            |       |     2 |     3 ||     5
 Stab: Sleeping          |       |     1 |       ||     1
Armor: Scale mail        |    20 |   145 |    28 ||   193
Dodge: Dodged            |    11 |   159 |    30 ||   200
